 Dungeon Crawl Stone Soup version 0.25.1-2-g60ff931df9 (webtiles) character file.

Game seed: 15392281278295901128

385 Krehm the Cutter (level 6, 0/51 HPs)
             Began as a Demonspawn Gladiator on Aug 29, 2020.
             Succumbed to Ijyb's poison
             ... on level 3 of the Dungeon.
             The game lasted 00:24:35 (5531 turns).

Krehm the Cutter (Demonspawn Gladiator)             Turns: 5531, Time: 00:24:35

Health: 0/51       AC:  6    Str: 15 (16) XL:     6   Next: 48%
Magic:  6/6        EV: 11    Int:  6 (9)  God:
Gold:   165        SH:  0    Dex: 14 (15) Spells: 5/5 levels left

rFire    + . .     SeeInvis .   u - +1 dagger (pain)
rCold    . . .     Gourm    .   (no shield)
rNeg     . . .     Faith    .   i - +0 ring mail (curse)
rPois    .         Spirit   .   (helmet restricted)
rElec    .         Reflect  .   g - +0 cloak
rCorr    .         Harm     .   (no gloves)
MR       .....                  (no boots)
Stlth    +.........             (no amulet)
HPRegen  0.17/turn              n - ring of attention (curse)
MPRegen  0.10/turn              r - ring of protection from fire

@: lethally poisoned (0 -> -9), lightly drained
A: horns 1, nightstalker 1, rot immunity
a: no special abilities


You were on level 3 of the Dungeon.
You were not hungry.

You visited 1 branch of the dungeon, and saw 4 of its levels.
You also visited: Sewer.

You collected 165 gold pieces.

Inventory:

Hand Weapons
 a - a +1 rapier
 u - a +1 dagger of pain (weapon)
Missiles
 b - 2 silver javelins (quivered)
 d - 3 throwing nets
 C - 5 boomerangs
Armour
 g - a +0 cloak (worn)
 i - a cursed +0 ring mail (worn)
 m - a +0 scale mail
 t - a +0 ring mail of fire resistance
 B - a cursed +0 chain mail
Jewellery
 c - a cursed ring of teleportation {unknown}
 k - a cursed -4 ring of dexterity {unknown}
 n - a cursed ring of attention (left hand)
 r - a ring of protection from fire (right hand)
Wands
 y - a wand of random effects (19)
Scrolls
 h - a scroll of enchant weapon
 j - 2 scrolls of identify
 q - 2 scrolls of teleportation
 z - a scroll of holy word {unknown}
Potions
 e - 2 potions of stabbing
Comestibles
 f - 4 rations


   Skills:
 + Level 5.1(4.9) Fighting
 + Level 5.1(5.0) Short Blades
 - Level 1.7(1.6) Throwing
 - Level 2.6(2.5) Dodging


You had 5 spell levels left.
You didn't know any spells.
Your spell library was empty.

Dungeon Overview and Level Annotations

Branches:
Dungeon (4/15)              Sewer (visited)
 Temple: D:4-7

Altars:
Okawaru
Ru

Annotations:
D:4 Ijyb


Innate Abilities, Weirdness & Mutations

You have a pair of small horns on your head.
You are slightly more attuned to the shadows.
You are immune to rotting.


Message History

As you read the scroll labeled PISHUUROZE, it crumbles to dust.
It was a scroll of blinking.
* * * LOW HITPOINT WARNING * * *
You feel sick.
* * * LOW HITPOINT WARNING * * *
You feel sick.
You climb upwards.
* * * LOW HITPOINT WARNING * * *
You feel sick.
There is a stone staircase leading down here.
You feel magically purged.
Your magical contamination has completely faded away.
* * * LOW HITPOINT WARNING * * *
You feel sick.
Okay, then.
* * * LOW HITPOINT WARNING * * *
You feel sick.
* * * LOW HITPOINT WARNING * * *
You feel sick.
You die...

##############)########
#.....................# ##
#.###################.# .#
#.# #.............#.#
.#####.#####.###########.#.#
.#.................#...#.#.#
.#.#####.###.#####.#.#.#.#.#
.#.<.................#.#.#.#
............(>..@......#.#.#
.#.........#.........###.#.#
#........#.#.#...........#.#
##########.#.##..#########.#
#..........#.#........# #.#
############.#....#.#.# #.#
#..........#.#......#.####.#
##########.#.#.#...........#
.#..................#.######


There were no monsters in sight!

Vanquished Creatures
  A crocodile (Sewer)
  A hound (D:2)
  An orc wizard (D:3)
  Crazy Yiuf (D:3)
  Jessica (D:3)
  5 gnolls
  3 adders
  2 worms (D:3)
  2 dart slugs
  A leopard gecko (D:1)
  14 orcs
  8 giant cockroaches
  7 goblins
  6 hobgoblins
  10 jackals
  2 quokkas
  3 ball pythons
  13 bats
  2 frilled lizards
  10 kobolds
  13 rats
106 creatures vanquished.

Vanquished Creatures (others)
  A leopard gecko (D:2)
  A ball python (D:2)
2 creatures vanquished.

Grand Total: 108 creatures vanquished

Notes
Turn   | Place    | Note
-------+----------+-------------------------------------------
     0 | D:1      | Krehm the Demonspawn Gladiator began the quest for the Orb.
     0 | D:1      | Reached XP level 1. HP: 16/16 MP: 1/1
   419 | D:1      | Gained mutation: You are immune to rotting. [demonic
                  | ancestry]
   419 | D:1      | Reached XP level 2. HP: 16/23 MP: 2/2
  1232 | D:1      | Gained mutation: You have a pair of small horns on your
                  | head. [demonic ancestry]
  1232 | D:1      | Reached XP level 3. HP: 27/28 MP: 3/3
  1614 | D:1      | HP: 1/29 [gnoll (6)]
  2150 | D:2      | Reached XP level 4. HP: 35/35 MP: 4/4
  3179 | D:3      | Found a sacrificial altar of Ru.
  3290 | D:3      | Reached XP level 5. HP: 24/42 MP: 5/5
  3446 | D:3      | Found a glowing drain.
  3453 | Sewer    | Entered a sewer
  3826 | Sewer    | Noticed a crocodile
  3841 | Sewer    | Killed a crocodile
  3841 | Sewer    | Gained mutation: You are slightly more attuned to the
                  | shadows. [demonic ancestry]
  3841 | Sewer    | Reached XP level 6. HP: 41/49 MP: 6/6
  4045 | D:3      | Found an iron altar of Okawaru.
  4255 | D:3      | Noticed Jessica
  4277 | D:3      | Killed Jessica
  4277 | D:3      | Reached skill level 5 in Short Blades
  4732 | D:3      | Found a runed translucent door.
  4733 | D:3      | Noticed Crazy Yiuf
  4753 | D:3      | Killed Crazy Yiuf
  4753 | D:3      | Reached skill level 5 in Fighting
  5496 | D:4      | Noticed Ijyb
  5529 | D:3      | HP: 2/51 [poisoned by Ijyb]
  5531 | D:3      | Succumbed to Ijyb's poison

Illustrated notes

Levels and vault maps discovered:
D:1:      dpeg_arrival_rooms_c, layout_loops_ring
D:2:      layout_basic, lemuel_flame_loot_1
D:3:      layout_basic, okawaru_altar_gauntlet_db, portal_sewer_entry_b,
          nicolae_ru_awakened_eye, uniq_crazy_yiuf_cottage, uniq_jessica
D:4:      layout_loops_ring, vehumet_crystals, old_standard_altar, serial_shops,
          nicolae_shop_crystal, hangedman_abyss_or_decor_lesser_grid, uniq_ijyb

Skill      XL: |  1  2  3  4  5  6 |
---------------+-------------------+-----
Short Blades   | 3 4 5 |  5.1
Fighting       | 3 4 5 |  5.1
Throwing       | |  1.7
Dodging        | |  2.6

Action                   |  1- 3 |  4- 6 || total
-------------------------+-------+-------++-------
Melee: Rapier            |   131 |   159 ||   290
       Headbutt          |    11 |    44 ||    55
       Dagger            |       |    97 ||    97
  Use: Scroll            |     2 |     5 ||     7
       Potion            |       |     5 ||     5
 Stab: Invisible         |       |     1 ||     1
  Eat: Chunk             |     4 |    11 ||    15
Armor: Leather armour    |     7 |       ||     7
       Ring mail         |    41 |    51 ||    92
Dodge: Dodged            |    75 |   148 ||   223
